 Seeded DCSS version 0.30-a0-149-g7f74666 (webtiles) character file.

Game seed: 8568836632975474132 (custom seed)

1 Vaargak the Charlatan (level 1, 12/16 HPs)
             Began as a Hill Orc Artificer on Sept 26, 2022.
             Quit the game on level 1 of the Dungeon.
             The game lasted 00:01:13 (66 turns).

Vaargak the Charlatan (Hill Orc Artificer)            Turns: 66, Time: 00:01:13

Health: 12/16      AC:  3    Str: 14    XL:     1   Next: 20%
Magic:  1/1        EV: 11    Int: 11    God:
Gold:   0          SH:  0    Dex: 11    Spells: 0/0 levels left

rFire   . . .      SeeInvis .    a - +0 club
rCold   . . .      Faith    .    (no shield)
rNeg    . . .      Spirit   .    b - +0 leather armour
rPois   .          Reflect  .    (no helmet)
rElec   .          Harm     .    (no cloak)
rCorr   .          Rampage  .    (no gloves)
Will    .....                    (no boots)
Stlth   +.........               (no amulet)
HPRegen 0.05/turn                (no ring)
MPRegen 0.07/turn                (no ring)

@: no status effects
A: no striking features
a: no special abilities


You were on level 1 of the Dungeon.
You visited 1 branch of the dungeon, and saw 1 of its levels.

Inventory:

Hand Weapons
 a - a +0 club (weapon)
Armour
 b - a +0 leather armour (worn)
Wands
 c - a wand of flame (15) (quivered)
 d - a wand of charming (15)
 e - a wand of iceblast (5)


   Skills:
 + Level 1.2 Fighting
 + Level 2.1 Armour
 + Level 1.0 Dodging
 + Level 0.7 Stealth
 + Level 3.0 Evocations


You couldn't memorise any spells.
You didn't know any spells.
Your spell library was empty.

Dungeon Overview and Level Annotations

Branches:
Dungeon (1/15)

Altars:


Message History

There is a staircase leading out of the dungeon here.
There is a staircase leading out of the dungeon here.
There is a staircase leading out of the dungeon here.
A ball python comes into view.
The ball python hisses angrily.
Found a brown potion.
A dart slug comes into view.
You closely miss the ball python. The ball python bites you.
The ball python closely misses you. The dart slug launches a dart at you.
The slug dart hits you but does no damage.
You hit the ball python but do no damage.
The ball python bites you. The ball python closely misses you. x2
The ball python misses you.
You hit the ball python.
The ball python is moderately wounded.
The ball python barely misses you. The ball python grabs you.
The ball python constricts you.
You hit the ball python.
You kill the ball python!
Your Dodging skill increases to level 1!
A kobold comes into view. It is wielding a +0 dagger.
Found 32 gold pieces.
The kobold shouts!
The dart slug launches a dart at you. The slug dart hits you.
A ball python comes into view.
The ball python hisses angrily.
You hit the dart slug.
The dart slug is moderately wounded.
The dart slug launches a dart at you. The slug dart misses you.
You hit the dart slug but do no damage.
The dart slug is moderately wounded.
The dart slug bites you but does no damage.
You hit the dart slug.
The dart slug is heavily wounded.
The kobold barely misses you.
Unknown command.
Are you sure you want to abandon this character and quit the game? (Confirm with "yes".)

#..#.#.#.#.##
#.>######<######
#..#
#.#.#.#.####
#..#
#.###.#.#...#
...# ##
#######.## ....#
#...# ##..#
#...#
.########.†.#
.......@.##.#
##....Kw.# .#
#....!S.# .#
.........# .#
##......$# .#
#.......# .#
#.......#
####..###


You could see a dart slug, a ball python and a kobold.

Vanquished Creatures
  A ball python (D:1)
1 creature vanquished.

Notes
Turn   | Place    | Note
-------+----------+-------------------------------------------
     0 | D:1      | Vaargak the Hill Orc Artificer began the quest for the Orb.
     0 | D:1      | Reached XP level 1. HP: 16/16 MP: 1/1
    60 | D:1      | Reached skill level 1 in Dodging
    66 | D:1      | Quit the game

Illustrated notes

Levels and vault maps discovered:
D:1:      reono_arrival_mine, layout_rooms, minmay_hexomino_f4

Skill      XL: |  1 |
---------------+----+-----
Dodging        | 1 |  1.0
Fighting       | |  1.2
Armour         | |  2.1
Stealth        | |  0.7
Evocations     | |  3.0

Action                   || total
-------------------------++-------
Melee: Club              ||     7
Armor: Leather armour    ||     2
Dodge: Dodged            ||     7

Table legend: (Time is in decaauts)
 A = Elapsed time spent in this place.
 B = Non-inter-level travel time spent in this place.
 C = Inter-level travel time spent in this place.
 D = Time resting spent in this place.
 E = Time spent auto-exploring this place.
 F = Levels seen in this place.
 G = Mean time per level.
                   A        B        C        D        E       F      G
               +--------+--------+--------+--------+--------+-----+--------+
         Total |     68 |     35 |     33 |      0 |      0 |   1 |   68.0 |
       Dungeon |     68 |     35 |     33 |      0 |      0 |   1 |   68.0 |
               +--------+--------+--------+--------+--------+-----+--------+

Top non-repeatable levels by time:
     D:1: 68 daAuts
